 Dungeon Crawl Stone Soup version 0.25-a0-87-ga3d287bc14 (webtiles) character file.

Game seed: 15745816761745940895, levelgen mode: deterministic

1309 Lanoc the Slasher (level 8, -11/78 HPs)
             Began as a Troll Fighter on Nov 10, 2019.
             Was a Believer of Okawaru.
             Shot with an arrow by a centaur (14 damage)
             ... on level 7 of the Dungeon.
             The game lasted 00:06:13 (2643 turns).

Lanoc the Slasher (Troll Fighter)                   Turns: 2643, Time: 00:06:14

Health: -11/78     AC:  8    Str: 25    XL:     8   Next: 32%
Magic:  9/9        EV: 10    Int:  4    God:    Okawaru [**....]
Gold:   181        SH:  9    Dex: 13    Spells: 7/7 levels left

rFire    . . .     SeeInvis .   a - +0 long sword
rCold    . . .     Gourm    +   c - +0 shield
rNeg     . . .     Faith    .   p - +0 robe {MR+}
rPois    .         Spirit   .   (helmet restricted)
rElec    .         Reflect  .   m - +1 cloak {MR+}
rCorr    +         Harm     .   (gloves unavailable)
MR       ++...                  (boots unavailable)
Stlth    +.........             (no amulet)
HPRegen  0.63/turn              e - +2 ring of dexterity
MPRegen  0.11/turn              q - ring of resist corrosion

@: hasted, very quick
A: large, unfitting armour, claws 3, fast metabolism 3, gourmand, regeneration
1, shaggy fur 1, tough skin 3
a: Heroism, Renounce Religion


You were on level 7 of the Dungeon.
You worshipped Okawaru.
Okawaru was pleased with you.
You were very hungry.

You visited 2 branches of the dungeon, and saw 8 of its levels.

You collected 181 gold pieces.

Inventory:

Hand Weapons
 a - a +0 long sword (weapon)
Armour
 c - a +0 shield (worn)
 m - a +1 cloak of magic resistance (worn)
 p - a +0 robe of magic resistance (worn)
Jewellery
 e - a +2 ring of dexterity (left claw)
 q - a ring of resist corrosion (right claw)
Scrolls
 d - a scroll of fog {unknown}
 g - 2 scrolls of noise {unknown}
 i - 5 scrolls of magic mapping
 j - 2 scrolls of remove curse
 n - a scroll of identify
 o - a scroll of silence {unknown}
Potions
 h - 2 potions of curing
 k - a potion of flight
Comestibles
 f - 7 rations


   Skills:
 + Level 4.2 Fighting
 * Level 5.1 Long Blades
 - Level 0.4 Throwing
 + Level 4.2 Dodging
 + Level 4.1 Shields
 + Level 3.2 Invocations


You had 7 spell levels left.
You didn't know any spells.
Your spell library contained the following spells:

 Spells                   Type           Power        Failure   Level  Hunger
 Confusing Touch          Hex            #.....       85%         1    ##.....
 Confuse                  Hex            #.......     99%         3    ####...
 Gell's Gravitas          Tloc           #.........   99%         3    ####...
 Petrify                  Tmut/Erth      #.......     100%        4    #####..
 Metabolic Englaciation   Hex/Ice        #.........   100%        5    ######.
 Yara's Violent Unravell  Hex/Tmut       #.........   100%        5    ######.


Dungeon Overview and Level Annotations

Branches:
Dungeon (7/15)             Temple (1/1) D:7

Altars:
Okawaru
Qazlal
Vehumet
Wu Jian
Yredelemnul


Innate Abilities, Weirdness & Mutations

You are too large for most types of armour.
You have claws for hands.
Your metabolism is lightning-fast.
You like to eat raw meat.
Your natural rate of healing is unusually fast.
You are covered in fur. (AC +1)
You have extremely tough skin. (AC +3)


Message History

The bullfrog zombie is moderately damaged.
You closely miss the centaur.
The centaur is severely wounded.
The centaur hits you but does no damage.
The bullfrog zombie hits you but does no damage.
You hit the centaur.
The centaur is almost dead.
The centaur hits you.
* * * LOW HITPOINT WARNING * * *
The bullfrog zombie hits you but does no damage.
The centaur wields a +0 shortbow.
The centaur shoots an arrow.
The arrow hits you!
* * * LOW HITPOINT WARNING * * *
A jelly comes into view.
The orc wizard miscasts a cantrip.
You block the bullfrog zombie's attack.
You hear an angry hiss.
You see here an arrow.
The centaur shoots an arrow.
The arrow hits you!
You die...

#######..###....#....#
#...............#....#
#...............#....#
#...............#....#
#...............#....# ..
#..######.#######....#
...##+######'###...#....#
..Jo.[#......<.'...#....#
#.oc..@.....#...#....#
#.o#.(......#...#....# #.
#Z.......#...'....#
#..##(###.###...#....#
#..##†###+#####+#....#
#......# #....#....#
#......# #...###'###
#.....## #...#.....#
#...†.# #...#.###.##


You could see a centaur, a jelly, 2 orc priests, an orc wizard and a bullfrog
zombie.

Vanquished Creatures
  Duvessa (D:6)
  A sky beast (D:5)
  An ice beast (D:6)
  A necrophage (D:7)
  An ogre (D:4)
  A bullfrog (D:6)
  Dowan (D:6)
  A wyvern skeleton (D:6)
  A scorpion (D:4)
  3 howler monkeys (D:7)
  2 crimson imps
  2 orc wizards (D:4)
  A jelly (D:6)
  2 hounds (D:6)
  Natasha (thrice) (D:4)
  4 worker ants
  A hound skeleton (D:7)
  A howler monkey skeleton (D:4)
  9 adders
  An ooze (D:3)
  A worm (D:5)
  4 orcs
  A bat (D:2)
  5 giant cockroaches
  6 goblins (D:3)
  4 hobgoblins
  3 kobolds
  3 quokkas
  A ball python (D:3)
  A frilled lizard (D:3)
  A leopard gecko skeleton (D:4)
  A rat (D:3)
69 creatures vanquished.

Notes
Turn   | Place    | Note
-------+----------+-------------------------------------------
     0 | D:1      | Lanoc the Troll Fighter began the quest for the Orb.
     0 | D:1      | Reached XP level 1. HP: 22/22 MP: 0/0
    92 | D:1      | Reached XP level 2. HP: 29/29 MP: 1/1
   207 | D:3      | Reached skill level 2 in Long Blades
   218 | D:3      | Found an iron altar of Okawaru.
   236 | D:3      | Reached XP level 3. HP: 25/36 MP: 2/2
   242 | D:3      | Became a worshipper of Warmaster Okawaru
   612 | D:3      | Reached XP level 4. HP: 29/44 MP: 3/3
  1032 | D:4      | Reached XP level 5. HP: 17/52 MP: 4/4
  1033 | D:4      | Noticed Natasha
  1048 | D:4      | Killed Natasha
  1048 | D:4      | Reached skill level 1 in Invocations
  1051 | D:4      | Reached skill level 3 in Long Blades
  1166 | D:4      | Noticed an ogre
  1302 | D:4      | Noticed Natasha
  1310 | D:4      | Killed Natasha
  1311 | D:4      | Found a basalt altar of Yredelemnul.
  1333 | D:4      | Found an ornate altar of the Wu Jian Council.
  1346 | D:4      | Reached XP level 6. HP: 53/61 MP: 6/6
  1403 | D:4      | Noticed Natasha
  1409 | D:4      | Killed Natasha
  1409 | D:4      | Reached * piety under Okawaru
  1461 | D:5      | Entered Level 5 of the Dungeon
  1545 | D:5      | Found a radiant altar of Vehumet.
  1930 | D:5      | Noticed a sky beast
  1948 | D:5      | Killed a sky beast
  1948 | D:5      | Reached XP level 7. HP: 23/67 MP: 7/7
  2134 | D:6      | Noticed Duvessa
  2134 | D:6      | Noticed Dowan
  2159 | D:6      | Killed Duvessa
  2159 | D:6      | Reached ** piety under Okawaru
  2159 | D:6      | Reached skill level 4 in Long Blades
  2163 | D:6      | Killed Dowan
  2313 | D:6      | Reached XP level 8. HP: 65/78 MP: 9/9
  2357 | D:6      | You fall into a shaft and drop 1 floor!
  2413 | D:7      | Found a staircase to the Ecumenical Temple.
  2425 | Temple   | Entered the Ecumenical Temple
  2512 | D:7      | Found a stormy altar of Qazlal.
  2591 | D:7      | Reached skill level 5 in Long Blades
  2642 | D:7      | HP: 3/78 [centaur/arrow (10)]
  2643 | D:7      | Shot with an arrow by a centaur

Levels and vault maps discovered:
D:1:      lemuel_arrival_lava_pool, layout_loops_cross
D:2:      layout_basic, first_ration, kennysheep_generic_room_11
D:3:      layout_basic, okawaru_metal_pillars_1_2
D:4:      layout_cave_pools, yredelemnul_altar_generic, kennysheep_mini_moat,
          uniq_natasha
D:5:      layout_loops_cross, vehumet_crystals
D:6:      wad_guarded_room, layout_basic, serial_shops, shop,
          hangedman_minor_gate_pass, uniq_duvessa
D:7:      layout_gridville, overflow_temple_1_default,
          minmay_temple_entry_glassed_door, tgw_kikubaaqudgha
Temple:   eino_temple_water

Skill      XL: |  1  2  3  4  5  6  7  8 |
---------------+-------------------------+-----
Long Blades    | 2 3 4 5 |  5.1
Dodging        | 3 4 |  4.2
Fighting       | 3 4 |  4.2
Shields        | 3 4 |  4.1
Invocations    | 1 2 3 |  3.2
Throwing       | |  0.4

Action                   |  1- 3 |  4- 6 |  7- 9 || total
-------------------------+-------+-------+-------++-------
Melee: Long sword        |    84 |   142 |   132 ||   358
  Use: Potion            |       |     3 |     3 ||     6
       Scroll            |       |     3 |       ||     3
 Stab: Sleeping          |     1 |       |       ||     1
       Invisible         |       |       |     3 ||     3
  Eat: Chunk             |     4 |    13 |     5 ||    22
Armor: Robe              |    39 |    47 |    49 ||   135
Dodge: Dodged            |    26 |    38 |    60 ||   124
Block: Shield            |    41 |    61 |    84 ||   186
       Rpst.: Long sword |    10 |    13 |    23 ||    46

Table legend:
 A = Non-vault XP
 B = Vault XP
 C = Vault XP percentage of total XP
 D = Non-vault monster count
 E = Vault monster count
 F = Vault count percentage of total count
                 A         B        C        D         E       F
            +---------+---------+-------+---------+---------+-------
      Total |    1615 |     255 |  13.6 |      66 |       3 |   4.3
            +---------+---------+-------+---------+---------+-------
        D:1 |      15 |       0 |   0.0 |       8 |       0 |   0.0
        D:2 |       2 |       0 |   0.0 |       1 |       0 |   0.0
        D:3 |      85 |       0 |   0.0 |      19 |       0 |   0.0
        D:4 |     434 |      35 |   7.5 |      14 |       1 |   6.7
        D:5 |     232 |       0 |   0.0 |       8 |       0 |   0.0
        D:6 |     462 |     220 |  32.3 |       7 |       2 |  22.2
        D:7 |     385 |       0 |   0.0 |       9 |       0 |   0.0
            +---------+---------+-------+---------+---------+-------
